 Dungeon Crawl Stone Soup version 0.29-a0-323-g050149af67 (webtiles) character file.

Game seed: 6081891122470955002

100 GigaChad the Slasher (level 4, 0/41 HPs)
             Began as a Minotaur Chaos Knight on Apr 11, 2022.
             Was a Plaything of Xom.
             Slain by a gnoll
             ... wielding a +0 spear
              (1 damage)
             ... on level 3 of the Dungeon.
             The game lasted 00:06:16 (2167 turns).

GigaChad the Slasher (Minotaur Chaos Knight)        Turns: 2167, Time: 00:06:16

Health: 0/41       AC:  9    Str: 15      XL:     4   Next: 46%
Magic:  12/12      EV:  7    Int: 10 (11) God:    Xom [.*....]
Gold:   70         SH:  0    Dex: 11      Spells: 3/3 levels left

rFire   + . .      SeeInvis .   a - +0 falchion (chaos)
rCold   . . .      Faith    .   (no shield)
rNeg    . . .      Spirit   .   i - +0 chain mail
rPois   .          Reflect  .   (helmet restricted)
rElec   .          Harm     .   (no cloak)
rCorr   .          Rampage  .   (no gloves)
Will    .....                   (no boots)
Stlth   ..........              (no amulet)
HPRegen 0.13/turn               n - ring of magical power
MPRegen 0.13/turn               (no ring)

@: no status effects
A: horns 2, retaliatory headbutt, clever 1, deterioration 1, fire resistance 1,
weak 1
a: Renounce Religion


You were on level 3 of the Dungeon.
You worshipped Xom.
You were a plaything of Xom.
You visited 1 branch of the dungeon, and saw 3 of its levels.

You collected 70 gold pieces.

Inventory:

Hand Weapons
 a - a +0 falchion of chaos (weapon)
Armour
 b - a +2 leather armour
 i - a +0 chain mail (worn)
Jewellery
 n - a ring of magical power (left hand)
Scrolls
 e - 5 scrolls of identify {unknown}
 f - 3 scrolls of teleportation {unknown}
 h - a scroll of magic mapping {unknown}
 j - a scroll of fear {unknown}
 k - a scroll of vulnerability {unknown}
Potions
 d - a potion of attraction {unknown}
 g - 2 potions of mutation {unknown}
 l - a potion of degeneration {unknown}
 m - a potion of flight {unknown}
 o - a potion of heal wounds {unknown}
Miscellaneous
 c - a piece from Xom's chessboard (14/15) (quivered)


   Skills:
 + Level 4.4 Fighting
 + Level 5.0 Long Blades
 + Level 3.1 Armour
 + Level 2.0 Dodging
 + Level 0.3 Stealth


You had 3 spell levels left.
You didn't know any spells.
Your spell library contained the following spells:

 Spells                   Type           Power      Damage    Failure   Level
 Static Discharge         Conj/Air       0%         N/A       100%        2
 Dispel Undead            Necr           0%         3d6       100%        4
 Sticky Flame             Conj/Fire      0%         2d3       100%        4


Dungeon Overview and Level Annotations

Branches:
Dungeon (3/15)

Altars:
Sif Muna
Zin


Innate Abilities, Weirdness & Mutations

You have a pair of horns on your head.
You reflexively headbutt those who attack you in melee.
Your mind is acute. (Int +2)
Your body sometimes deteriorates upon taking damage.
Your flesh is heat resistant. (rF+)
You are weak. (Str -2)


Message History

You barely miss the gnoll. Your headbutt misses the gnoll.
The gnoll is lightly wounded.
The gnoll hits you but does no damage.
You hit the gnoll.
The gnoll goes berserk!
The gnoll is heavily wounded.
The gnoll hits you with a +0 spear. The gnoll hits you but does no damage.
You closely miss the gnoll.
A gnoll comes into view. It is wielding a +0 flail.
The gnoll barely misses you.
The gnoll hits you from afar with a +0 spear!
You closely miss the gnoll.
The gnoll shouts!
Your headbutt misses the gnoll.
The gnoll hits you from afar with a +0 spear.
The gnoll hits you with a +0 club. The gnoll hits you but does no damage.
The gnoll completely misses you.
You hit the gnoll. You burn the gnoll.
The gnoll is moderately wounded.
The gnoll hits you from afar with a +0 spear.
The gnoll barely misses you. The gnoll hits you with a +0 flail!
You slash the gnoll!
You kill the gnoll!
The gnoll hits you from afar with a +0 spear.
The gnoll hits you but does no damage. The gnoll completely misses you.
The gnoll hits you with a +0 club.
* * * LOW HITPOINT WARNING * * *
Your Long Blades skill increases to level 5!
The gnoll hits you with a +0 spear.
* * * LOW HITPOINT WARNING * * *
Your body deteriorates!
You feel dopey. The gnoll hits you with a +0 club.
* * * LOW HITPOINT WARNING * * *
Things that are here:
a +0 flail; a gnoll corpse You make a move on Xom's chessboard...
The gnoll twists and deforms.
The gnoll hits you from afar with a +0 spear.
* * * LOW HITPOINT WARNING * * *
The gnoll hits you from afar with a +0 spear.
You die...
Xom titters!

#.## ##...## ..... .#.##
##'## .##.# ###.# #.#
.##.# .#.#######.# .##..
..####...#.## .####.#
#.# #.......###......#
### #..........# g
##.......#?###
########.....#..@#####.#
...#####...#####).g....#
..##$$##.....#..gg######
._#$$$####...#...##
..##$$# #......##
...#### #.#...# #####
#.##.## .#### .#


You could see 3 gnolls.

Vanquished Creatures
  3 adders
  A gnoll (D:3)
  A worm (D:2)
  A dart slug (D:2)
  8 endoplasms
  2 giant cockroaches (D:1)
  7 goblins
  A hobgoblin (D:3)
  9 jackals
  3 quokkas
  4 ball pythons
  3 bats
  A frilled lizard (D:2)
  4 kobolds (D:1)
  3 rats
51 creatures vanquished.

Notes
Turn   | Place    | Note
-------+----------+-------------------------------------------
     0 | D:1      | GigaChad the Minotaur Chaos Knight began the quest for the
                  | Orb.
     0 | D:1      | Reached XP level 1. HP: 19/19 MP: 0/0
    67 | D:1      | Reached skill level 4 in Long Blades
    72 | D:1      | Reached XP level 2. HP: 19/27 MP: 1/1
   126 | D:1      | XOM: divination: detect items
   214 | D:1      | XOM: cloud trail
   301 | D:1      | Reached XP level 3. HP: 12/33 MP: 2/2
   812 | D:2      | Found a faded altar of an unknown god.
   817 | D:2      | Found a shimmering blue altar of Sif Muna.
   980 | D:2      | XOM: scenery: summon butterflies
  1615 | D:3      | Reached XP level 4. HP: 38/41 MP: 3/3
  1943 | D:3      | XOM: give mutations
  1943 | D:3      | Gained mutation: Your mind is acute. (Int +2) [Xom's
                  | mischief]
  1943 | D:3      | Gained mutation: You are weak. (Str -2) [Xom's mischief]
  1943 | D:3      | Gained mutation: Your body sometimes deteriorates upon
                  | taking damage. [Xom's mischief]
  1943 | D:3      | Gained mutation: Your flesh is heat resistant. (rF+) [Xom's
                  | mischief]
  1959 | D:3      | XOM: divination: detect creatures
  2086 | D:3      | Found a glowing silver altar of Zin.
  2165 | D:3      | Reached skill level 5 in Long Blades
  2165 | D:3      | HP: 2/41 [gnoll/+0 club (2)]
  2167 | D:3      | Slain by a gnoll

Illustrated notes

Levels and vault maps discovered:
D:1:      shiori_arrival_maze, layout_basic, amcnicky_mini_corridor_feature,
          skrybe_limestone_x, serial_bayou_pond_d
D:2:      minmay_door_path, layout_loops_ring,
          hellmonk_ecumenical_altar_heavens_door, basic_altar, minmay_liquid_box
D:3:      minmay_bubble_buster, layout_loops_corners, zin_treasury,
          lightli_temple_of_fire, grunt_temple_overflow_open

Skill      XL: |  1  2  3  4 |
---------------+-------------+-----
Long Blades    | 4 5 |  5.0
Fighting       | 4 |  4.4
Armour         | 3 |  3.1
Dodging        | 2 |  2.0
Stealth        | |  0.3

Action                   |  1- 3 |  4- 6 || total
-------------------------+-------+-------++-------
Melee: Falchion          |    76 |    31 ||   107
       Headbutt          |     9 |     3 ||    12
Evoke: Piece from Xom's  |       |     1 ||     1
 Stab: Paralysed         |     1 |     3 ||     4
Armor: Leather armour    |    58 |       ||    58
       Chain mail        |    17 |    22 ||    39
Dodge: Dodged            |    97 |     8 ||   105

Table legend: (Time is in decaauts)
 A = Elapsed time spent in this place.
 B = Non-inter-level travel time spent in this place.
 C = Inter-level travel time spent in this place.
 D = Time resting spent in this place.
 E = Time spent auto-exploring this place.
 F = Levels seen in this place.
 G = Mean time per level.
                   A        B        C        D        E       F      G
               +--------+--------+--------+--------+--------+-----+--------+
         Total |   2175 |   2175 |      0 |    183 |    756 |   3 |  725.0 |
       Dungeon |   2175 |   2175 |      0 |    183 |    756 |   3 |  725.0 |
               +--------+--------+--------+--------+--------+-----+--------+

Top non-repeatable levels by time:
     D:2: 839 daAuts
     D:1: 767 daAuts
     D:3: 568 daAuts
